Map: [ESL] Oceanborn

Players

Scarlett

  • Race: Zerg Zerg
  • Spawn Location: 5:00

ShoWTimE - Winner!

  • Race: Protoss Protoss
  • League: Master
  • Spawn Location: 11:00

VOD

Have the link to the VOD?

Description

Time

  • Played on: Dec. 8, 2023, 12:56 p.m.
  • Length: 17:45
Show
View Real Time Build Order
Export as new Build Order

Scarlett Zerg 

Build Orders: Hatch First, Lurkers 

Get SALT Encoding   

  12  0:00  Drone  
  13  0:12  Overlord  
  13  0:17  Drone  
  14  0:30  Drone  
  14  0:31  Drone  
  16  0:47  Drone  
  17  0:53  Hatchery, Drone  
  17  0:57  Drone  
  18  1:08  Extractor  
  17  1:12  Spawning Pool  
  17  1:16  Drone  
  17  1:18  Drone  
  18  1:27  Drone  
  19  1:38  Drone  
  20  1:48  Overlord  
  20  1:59  Queen  
  22  2:05  Zergling x2, Queen, Drone  
  26  2:11  Zergling x2  
  26  2:12  Metabolic Boost  
  27  2:15  Drone  
  29  2:22  Zergling x2  
  29  2:26  Drone  
  30  2:34  Hatchery  
  29  2:40  Queen  
  31  2:47  Zergling x4  
  31  2:50  Overlord  
  33  2:54  Drone  
  34  2:59  Drone x2  
  36  3:08  Drone  
  36  3:12  Drone  
  38  3:14  Drone x3  
  40  3:22  Queen  
  40  3:23  Overlord  
  42  3:30  Overlord  
  42  3:32  Drone  
  43  3:35  Spore Crawler, Drone  
  43  3:38  Drone  
  44  3:42  Drone x3  
  44  3:45  Drone  
  48  3:48  Queen  
  48  3:53  Queen  
  52  3:57  Spore Crawler, Drone x2  
  49  4:11  Drone  
  49  4:12  Drone x6  
  49  4:15  Spore Crawler  
  55  4:19  Drone x2  
  58  4:25  Drone, Evolution Chamber  
  58  4:27  Drone, Overlord  
  58  4:30  Drone x2  
  61  4:32  Drone  
  61  4:35  Overlord  
  61  4:37  Zergling x4  
  64  4:40  Zergling x2  
  65  4:46  Spore Crawler  
  65  4:50  Zergling x14  
  71  4:56  Zerg Melee Weapons Level 1  
  69  5:04  Drone x8  
  72  5:13  Drone x3  
  73  5:21  Hatchery  
  73  5:24  Drone x5  
  75  5:29  Drone x4  
  75  5:33  Drone  
  79  5:38  Lair  
  79  5:39  Drone x2  
  79  5:40  Extractor  
  79  5:42  Extractor  
  79  5:44  Extractor  
  79  5:45  Drone x2, Extractor  
  79  5:46  Extractor  
  79  5:47  Spore Crawler  
  77  5:53  Drone, Overlord  
  77  5:54  Drone x3  
  79  6:14  Drone x11  
  89  6:18  Drone x2  
  89  6:21  Hatchery  
  89  6:22  Drone  
  89  6:23  Overlord x2  
  89  6:27  Overlord x2  
  89  6:32  Queen  
  89  6:35  Zergling x8  
  95  6:43  Spore Crawler  
  95  6:46  Zergling x20  
  104  6:57  Infestation Pit  
  104  6:59  Hydralisk Den  
  103  7:03  Zerg Missile Weapons Level 1  
  103  7:04  Drone x9  
  112  7:09  Spore Crawler  
  112  7:11  Overlord x3  
  111  7:16  Drone x3  
  111  7:22  Overseer  
  114  7:23  Drone x7  
  114  7:27  Zergling x2  
  121  7:30  Zergling x4  
  121  7:32  Lurker Den  
  121  7:35  Zergling x4  
  124  7:38  Hive  
  124  7:43  Zergling x20  
  130  7:51  Extractor x2  
  130  7:52  Spine Crawler, Drone x3  
  130  7:53  Drone x3  
  132  8:03  Drone x2, Overlord x5  
  134  8:09  Muscular Augments, Hydralisk x5  
  134  8:12  Zergling x8  
  148  8:15  Zergling x4  
  150  8:21  Hydralisk x2  
  150  8:22  Zergling x10  
  159  8:32  Spine Crawler  
  158  8:38  Spore Crawler  
  158  8:40  Spine Crawler, Lurker x5  
  161  8:41  Hydralisk x2  
  165  8:50  Lurker x2  
  165  8:51  Seismic Spines, Evolution Chamber  
  165  8:57  Drone x3  
  165  8:58  Extractor  
  165  8:59  Drone x3, Extractor  
  165  9:00  Zerg Missile Weapons Level 2, Adrenal Glands  
  169  9:04  Hydralisk x6  
  169  9:05  Overlord  
  181  9:13  Grooved Spines  
  181  9:16  Spine Crawler x2  
  179  9:19  Lurker x2  
  179  9:20  Overlord x2  
  179  9:22  Hydralisk x2  
  183  9:33  Zerg Melee Weapons Level 2  
  174  9:43  Lurker x3  
  166  9:45  Hydralisk x2  
  166  9:46  Hydralisk x2  
  166  9:48  Adaptive Talons  
  166  9:50  Zergling x38  
  193  9:57  Lurker x2  
  181  10:14  Hatchery  
  179  10:25  Spire  
  176  10:33  Hydralisk x6  
  188  10:36  Lurker x6  
  194  10:43  Overseer, Pneumatized Carapace  
  194  10:44  Overseer  
  191  10:58  Zergling x18  
  196  11:13  Spore Crawler  
  196  11:17  Drone x5  
  200  11:18  Spine Crawler x2  
  200  11:19  Spine Crawler  
  200  11:21  Spine Crawler  
  186  11:35  Lurker x4, Hydralisk  
  186  11:36  Hydralisk x4  
  186  11:38  Spine Crawler  
  199  11:43  Greater Spire  
  199  11:44  Zerg Missile Weapons Level 3  
  199  12:04  Spore Crawler, Extractor  
  199  12:06  Spine Crawler, Extractor  
  180  12:10  Zergling x60  
  186  12:28  Zergling x32  
  176  12:36  Hydralisk  
  176  12:37  Hydralisk x4  
  149  12:43  Hydralisk x7  
  160  12:48  Queen  
  172  12:55  Lurker x2  
  170  12:59  Hydralisk  
  170  13:01  Hydralisk x4  
  170  13:02  Lurker x5  
  185  13:07  Overseer x2  
  185  13:09  Lurker x7  
  185  13:10  Drone x3  
  195  13:25  Lurker  
  195  13:26  Lurker x4  
  158  13:46  Zergling x52  
  184  14:02  Corruptor x7  
  184  14:06  Zerg Flyer Armor Level 1  
  184  14:07  Spire  
  197  14:13  Corruptor  
  199  14:50  Corruptor  
  199  14:51  Overlord  
  199  14:52  Overlord  
  198  14:59  Overlord x2  
  198  15:01  Zerg Melee Weapons Level 3, Hatchery, Zerg Ground Armor Level 1  
  198  15:05  Hatchery  
  196  15:09  Corruptor  
  197  15:15  Corruptor  
  159  15:37  Drone x3  
  159  15:39  Zergling x68  
  169  15:45  Drone x4  
  158  15:51  Overseer x2  
  158  15:56  Drone x5  
  155  16:05  Drone x12  
  161  16:17  Viper  
  164  16:19  Viper  
  167  16:25  Drone  
  167  16:26  Drone x9  
  173  16:42  Corruptor x3  
  173  16:56  Corruptor x4  
  181  17:15  Corruptor x6  
Show
View Real Time Build Order
Export as new Build Order

ShoWTimE Protoss - Winner!

Build Orders: 1 Gate Expand, Oracle Opening, Archon Immortal, Carriers 

Get SALT Encoding   

  12  0:00  Probe  
  13  0:12  Probe  
  14  0:19  Pylon  
  14  0:24  Probe  
  15  0:37  Probe (Chrono Boost)  
  15  0:39  Gateway  
  16  0:46  Probe (Chrono Boost)  
  16  0:49  Assimilator  
  17  0:51  Probe (Chrono Boost)  
  18  1:03  Probe  
  19  1:15  Probe  
  20  1:25  Nexus  
  20  1:35  Cybernetics Core  
  20  1:38  Probe  
  21  1:43  Assimilator  
  21  1:50  Probe  
  21  1:53  Pylon  
  22  2:02  Probe  
  23  2:09  Adept (Chrono Boost)  
  23  2:14  Probe  
  26  2:21  Stargate  
  26  2:26  Probe (Chrono Boost)  
  26  2:29  Adept (Chrono Boost)  
  27  2:35  Warp Gate  
  29  2:37  Probe (Chrono Boost)  
  31  2:44  Probe (Chrono Boost)  
  31  2:47  Probe (Chrono Boost)  
  33  2:51  Adept, Probe (Chrono Boost)  
  33  2:52  Probe (Chrono Boost)  
  36  3:00  Pylon  
  36  3:02  Probe  
  36  3:04  Probe  
  38  3:06  Oracle (Chrono Boost)  
  41  3:15  Probe  
  41  3:16  Probe  
  43  3:21  Adept  
  43  3:26  Gateway  
  43  3:27  Probe  
  46  3:28  Probe  
  47  3:35  Pylon  
  47  3:37  Oracle (Chrono Boost)  
  47  3:39  Probe  
  47  3:40  Probe  
  52  3:51  Probe  
  52  3:52  Probe  
  54  3:59  Nexus  
  54  4:01  Pylon  
  54  4:05  Probe x2  
  54  4:09  Oracle (Chrono Boost)  
  59  4:17  Probe x2  
  59  4:21  Assimilator  
  59  4:23  Assimilator  
  61  4:24  Adept x2  
  61  4:30  Probe x2, Pylon  
  67  4:37  Forge  
  67  4:40  Twilight Council  
  67  4:43  Probe  
  67  4:45  Probe  
  69  4:50  Stalker  
  71  4:55  Probe  
  71  4:57  Probe  
  71  5:09  Probe (Chrono Boost)  
  71  5:10  Protoss Ground Weapons Level 1 (Chrono Boost), Probe (Chrono Boost)  
  71  5:11  Probe (Chrono Boost)  
  71  5:12  Shield Battery, Blink (Chrono Boost)  
  77  5:21  Stalker, Probe (Chrono Boost)  
  77  5:22  Probe (Chrono Boost)  
  77  5:24  Probe (Chrono Boost)  
  77  5:26  Probe (Chrono Boost)  
  77  5:27  Probe (Chrono Boost)  
  74  5:31  Probe  
  74  5:34  Stalker  
  74  5:35  Probe  
  77  5:38  Pylon, Probe  
  78  5:43  Probe  
  78  5:44  Stalker  
  78  5:47  Probe  
  78  5:48  Gateway  
  78  5:49  Gateway  
  82  5:50  Probe  
  82  5:51  Assimilator  
  82  5:53  Assimilator  
  82  5:56  Probe  
  84  5:59  Probe  
  84  6:01  Gateway  
  84  6:03  Gateway  
  85  6:05  Gateway  
  85  6:09  Photon Cannon  
  85  6:16  Stalker x2  
  89  6:24  Templar Archives  
  89  6:32  Pylon  
  89  6:34  Nexus  
  89  6:37  Pylon  
  89  6:38  Probe x3  
  92  6:51  Charge  
  92  6:52  Probe x3, Photon Cannon  
  92  6:53  Shield Battery  
  95  6:54  Stalker x2  
  95  6:55  Stalker x2  
  95  6:58  Robotics Facility  
  95  6:59  Protoss Ground Weapons Level 2 (Chrono Boost)  
  95  7:00  Pylon  
  103  7:10  Probe x3  
  103  7:13  Gateway  
  103  7:14  Gateway  
  106  7:16  Photon Cannon  
  106  7:17  High Templar x2  
  106  7:18  High Templar x2  
  106  7:21  Psionic Storm  
  114  7:23  Robotics Facility  
  114  7:24  Assimilator  
  114  7:25  Probe  
  114  7:26  Assimilator  
  115  7:34  Probe x2  
  117  7:37  Pylon  
  117  7:48  Probe x2  
  117  7:49  Probe  
  117  7:50  Observer (Chrono Boost)  
  121  7:59  Probe, Immortal (Chrono Boost)  
  126  8:07  Photon Cannon  
  126  8:09  Shield Battery  
  126  8:11  Gateway  
  126  8:13  Forge, Pylon  
  126  8:16  High Templar  
  126  8:17  Zealot x6, High Templar  
  126  8:19  Zealot, Immortal (Chrono Boost)  
  148  8:23  Pylon  
  148  8:36  Immortal (Chrono Boost)  
  148  8:40  High Templar x2  
  156  8:41  High Templar  
  156  8:42  High Templar  
  156  8:43  Probe  
  156  8:45  Archon, Pylon  
  156  8:46  Archon  
  156  8:47  Pylon  
  161  8:50  Warp Prism (Chrono Boost)  
  161  8:52  Protoss Ground Armor Level 1 (Chrono Boost)  
  163  8:59  Pylon  
  163  9:00  Pylon  
  163  9:07  Pylon, Immortal (Chrono Boost)  
  163  9:08  Zealot x3  
  163  9:09  Zealot x3  
  175  9:16  Protoss Ground Weapons Level 3 (Chrono Boost), Pylon  
  179  9:17  Pylon  
  179  9:25  Zealot x4  
  179  9:30  Immortal (Chrono Boost)  
  191  9:32  Shield Battery  
  191  9:33  Zealot x4  
  189  9:46  Immortal  
  189  9:49  Zealot  
  189  9:52  High Templar x2  
  199  9:53  Photon Cannon  
  199  10:00  Archon  
  193  10:14  Photon Cannon  
  193  10:15  Shield Battery  
  193  10:17  Pylon, Immortal  
  191  10:25  Immortal  
  191  10:26  High Templar x4  
  199  10:29  Archon  
  199  10:30  Archon  
  199  10:39  Gateway  
  199  10:41  Gateway  
  199  10:44  Gateway, Shield Battery  
  199  10:46  Shield Battery  
  199  10:47  Gateway  
  199  10:48  Photon Cannon  
  199  10:50  Protoss Ground Armor Level 2 (Chrono Boost), Photon Cannon  
  199  10:51  Zealot, Photon Cannon  
  196  11:09  Protoss Air Weapons Level 1 (Chrono Boost)  
  196  11:10  Photon Cannon  
  186  11:12  Photon Cannon  
  186  11:17  Zealot x9  
  200  11:20  Warp Prism (Chrono Boost)  
  182  11:34  Nexus  
  182  11:37  Pylon  
  183  11:40  Fleet Beacon  
  183  11:41  Stargate  
  183  11:42  Observer  
  183  11:45  Stargate  
  183  11:51  Pylon  
  183  11:55  High Templar x2  
  183  11:56  High Templar x6  
  183  11:59  Archon x2  
  183  12:00  Archon x2  
  194  12:09  Observer  
  194  12:12  Zealot x2  
  168  12:30  Zealot x8  
  168  12:32  Immortal  
  168  12:33  Immortal  
  168  12:36  Carrier (Chrono Boost)  
  154  12:37  Carrier x2 (Chrono Boost)  
  154  12:40  Nexus  
  154  12:44  Pylon, High Templar  
  174  12:47  Pylon  
  174  12:48  High Templar  
  174  12:50  High Templar x2  
  180  12:58  Probe x4  
  183  13:04  Zealot x6  
  196  13:11  Protoss Air Weapons Level 2 (Chrono Boost)  
  196  13:29  Photon Cannon  
  196  13:32  Photon Cannon  
  196  13:34  Photon Cannon  
  196  13:35  Photon Cannon  
  196  13:47  Carrier (Chrono Boost)  
  188  13:58  Carrier x2 (Chrono Boost)  
  188  13:59  Shield Battery  
  188  14:00  Assimilator  
  188  14:01  Shield Battery  
  188  14:02  Assimilator  
  198  14:04  Shield Battery  
  198  14:05  Shield Battery  
  198  14:07  Protoss Ground Armor Level 3  
  197  14:15  Photon Cannon  
  197  14:18  Photon Cannon  
  191  14:47  Carrier  
  197  15:07  High Templar  
  178  15:23  High Templar  
  178  15:24  High Templar x8  
  188  15:28  Immortal  
  188  15:34  Immortal (Chrono Boost)  
  188  15:42  Zealot  
  164  15:43  Carrier x2 (Chrono Boost)  
  164  15:44  Archon x3  
  170  15:53  Carrier (Chrono Boost)  
  172  16:02  Zealot x2, High Templar x2  
  172  16:03  Zealot x6  
  192  16:07  Immortal (Chrono Boost)  
  192  16:08  Archon  
  192  16:11  Immortal (Chrono Boost)  
  186  16:12  Pylon  
  186  16:15  Nexus  
  186  16:17  Pylon  
  190  16:23  Probe x2  
  192  16:33  Stalker x4  
  198  16:59  Nexus  
  198  17:05  Photon Cannon  
  198  17:07  Photon Cannon  
  198  17:15  Zealot  
Tags
 
Add a new tag
Caveats
  • Supply blocks, unpowered buildings, or Contaminate may cause inaccurate times.
  • Supply counts are checked every 10 seconds.